 Dungeon Crawl Stone Soup version 0.30.0-29-ga12c61a403 (webtiles) character file.

Game seed: 14130158167163397104

67 Peloso the Shield-Bearer (level 4, -5/40 HPs)
             Began as a Minotaur Fighter on June 16, 2023.
             Was an Initiate of Okawaru.
             Killed from afar by an oklob plant (11 damage)
             ... with a splash of acid
             ... on level 3 of the Dungeon.
             The game lasted 00:03:19 (2599 turns).

Peloso the Shield-Bearer (Minotaur Fighter)         Turns: 2599, Time: 00:03:20

Health: -5/40      AC:  4    Str: 20    XL:     4   Next: 0%
Magic:  3/3        EV:  5    Int:  5    God:    Okawaru [......]
Gold:   184        SH:  5    Dex: 12    Spells: 3/3 levels left

rFire   . . .        a - +0 long sword
rCold   . . .        d - +0 buckler
rNeg    . . .        t - +0 plate armour
rPois   .            (helmet restricted)
rElec   .            c - +0 cloak
rCorr   +            (no gloves)
SInv    .            (no boots)
Will    .....        (no amulet) Stlth
                     p - ring of resist corrosion
HPRegen 0.26/turn    (no ring)
MPRegen 0.08/turn

%: no passive effects
@: corroded
A: horns 2, retaliatory headbutt
a: Renounce Religion


You were on level 3 of the Dungeon.
You worshipped Okawaru.
Okawaru was noncommittal.
You visited 1 branch of the dungeon, and saw 3 of its levels.

You collected 184 gold pieces.

Inventory:

Hand Weapons
 a - a +0 long sword (weapon)
Armour
 b - a +0 scale mail
 c - a +0 cloak (worn)
 d - a +0 buckler (worn)
 t - a +0 plate armour (worn)
Jewellery
 p - a ring of resist corrosion (left hand)
 r - a ring of ice
Wands
 m - a wand of digging (4)
Scrolls
 e - a scroll of poison
 f - 2 scrolls of magic mapping {unknown}
 h - 3 scrolls of identify
 j - 2 scrolls of teleportation {unknown}
 k - a scroll of blinking {unknown}
 l - a scroll of enchant weapon {unknown}
 o - a scroll of amnesia {unknown}
 q - a scroll of butterflies {unknown}
Potions
 g - 2 potions of heal wounds
 i - 2 potions of curing
 n - a potion of resistance
 s - a potion of might
 u - a potion of mutation {unknown}
 v - a potion of flight {unknown}


   Skills:
 + Level 4.0 Fighting
 + Level 3.9 Long Blades
 + Level 3.9 Armour
 + Level 0.4 Dodging
 + Level 4.3 Shields


You had 3 spell levels left.
You didn't know any spells.
Your spell library contained the following spells:

 Spells                   Type           Power      Damage    Failure   Level
 Slow                     Hex            0%         N/A       100%        1
 Cigotuvi's Dreadful Rot  Necr/Pois/Air  0%         N/A       100%        2
 Confusing Touch          Hex            0%         N/A       100%        3
 Ignite Poison            Fire/Tmut/Pois 0%         N/A       100%        3
 Vampiric Draining        Necr           0%         2d6       100%        3
 Freezing Cloud           Conj/Ice/Air   0%         6-21      100%        5


Dungeon Overview and Level Annotations

Branches:
Dungeon (3/15)

Altars:
Fedhas
Okawaru

Annotations:
D:3 exclusion: oklob plant


Innate Abilities, Weirdness & Mutations

You have a pair of horns on your head.
You reflexively headbutt those who attack you in melee.


Message History

The oklob plant spits acid at you. The splash of acid hits you! You resist.
You hit the oklob plant but do no damage.
The oklob plant is lightly damaged.
You hit the oklob plant.
The oklob plant is lightly damaged.
You hit the oklob plant but do no damage.
You headbutt the oklob plant.
The oklob plant is moderately damaged.
You hit the oklob plant but do no damage.
The oklob plant is moderately damaged.
The oklob plant spits acid at you. The splash of acid misses you.
The splash of acid hits the plant.
The acid corrodes the plant!
The plant begins to die.
You hit the oklob plant but do no damage.
You headbutt the oklob plant.
The oklob plant is moderately damaged.
The oklob plant spits acid at you. The splash of acid misses you.
The splash of acid hits the plant!
The plant seems to be corroded for longer.
You hit the oklob plant.
You headbutt the oklob plant, but do no damage.
The oklob plant is moderately damaged.
The oklob plant spits acid at you. The splash of acid hits you! You resist.
The acid corrodes you!
You hit the oklob plant but do no damage.
The oklob plant is moderately damaged.
A nearby plant withers and dies.
You completely miss the oklob plant.
You headbutt the oklob plant, but do no damage.
The oklob plant is moderately damaged.
You slash the oklob plant!
The oklob plant is heavily damaged.
The oklob plant spits acid at you. The splash of acid hits you! You resist.
* * * LOW HITPOINT WARNING * * *
The acid corrodes you! The oklob plant spits acid at you.
The splash of acid hits you! You resist.
You die... #.......# #...# ###########...## #.........# #.........### #.......#...# ################## #P.P#PPP#.P.#PPP #.PP.PPP.PP.PP#

.
#PP@...#P##PP.##P###
##...PP#.#PP..P#PPPP
#PP.P.PP.......##PP#
###.P#...~~~~≈..P.P.
#PPPPP..~≈≈≈≈≈~..PPP
##P.#..~~≈≈≈≈≈~~..PP
#PPP..~≈≈~~≈~≈≈≈~.P.
#P#P..~~≈~...~≈≈~.##
##PPP......_.~≈≈~...


You could see an oklob plant.

Vanquished Creatures
  An adder (D:2)
  4 dart slugs (D:1)
  3 endoplasms
  A giant cockroach (D:1)
  3 goblins
  4 hobgoblins
  4 jackals (D:1)
  6 kobolds
  4 quokkas
  8 bats
  4 frilled lizards
  6 rats
48 creatures vanquished.

Notes
Turn   | Place    | Note
-------+----------+-------------------------------------------
     0 | D:1      | Peloso the Minotaur Fighter began the quest for the Orb.
     0 | D:1      | Reached XP level 1. HP: 19/19 MP: 0/0
    63 | D:1      | Reached XP level 2. HP: 25/27 MP: 1/1
   285 | D:1      | Found a faded altar of an unknown god.
   668 | D:1      | Reached XP level 3. HP: 32/33 MP: 2/2
  2068 | D:3      | Found an iron altar of Okawaru.
  2390 | D:3      | Became a worshipper of Warmaster Okawaru
  2489 | D:3      | Reached XP level 4. HP: 40/40 MP: 3/3
  2558 | D:3      | Found a blossoming altar of Fedhas.
  2573 | D:3      | Noticed an oklob plant
  2599 | D:3      | Killed from afar by an oklob plant

Illustrated notes

Levels and vault maps discovered:
D:1:      matt_arrival_spirals, layout_basic, ebering_ecumenical_altar_hall
D:2:      layout_basic, solitary_fountain, minmay_domino_4
D:3:      layout_basic, tgw_fedhas, mainiacjoe_overflow_six_doors_small

Skill      XL: |  1  2  3 |
---------------+----------+-----
Shields        | 4 |  4.3
Long Blades    | 3 |  3.9
Fighting       | 4 |  4.0
Armour         | |  3.9
Dodging        | |  0.4

Action                     |  1- 3 |  4- 6 || total
---------------------------+-------+-------++-------
  Melee: Long sword        |   108 |    20 ||   128
         Headbutt          |    12 |     7 ||    19
    Use: Potion            |     4 |       ||     4
         Scroll            |     2 |       ||     2
 Armour: Scale mail        |    68 |       ||    68
         Plate armour      |     2 |       ||     2
  Dodge: Dodged            |    58 |     2 ||    60
  Block: Buckler           |    23 |     1 ||    24
